Map: Blackrock LE

Players

GhostRobo - Winner!

  • Race: Terran Terran
  • Spawn Location: 1:00

A.I. 1 (Elite)

  • Race: Zerg Zerg
  • Spawn Location: 7:00

VOD

Have the link to the VOD?

Description

Time

  • Played on: July 2, 2026, 9:32 a.m.
  • Length: 15:00
Show
View Real Time Build Order
Export as new Build Order

GhostRobo Terran - Winner!

Build Orders: Reaper Expand 

Get SALT Encoding   

  8  0:00  SCV  
  9  0:13  SCV  
  10  0:24  Supply Depot  
  10  0:29  SCV  
  11  0:43  SCV  
  12  0:53  Barracks  
  12  1:03  Refinery  
  12  1:04  SCV  
  13  1:16  SCV  
  14  1:30  SCV  
  15  1:46  Orbital Command  
  15  1:49  Reaper  
  16  2:15  Command Center  
  16  2:25  SCV  
  16  2:28  Marine  
  19  2:37  SCV  
  19  2:49  SCV  
  19  2:50  Supply Depot  
  20  2:51  Barracks Reactor  
  20  3:01  SCV  
  21  3:13  Factory  
  21  3:25  SCV  
  22  3:29  Orbital Command  
  22  3:32  Marine x2  
  24  3:37  SCV  
  25  3:43  Refinery  
  25  3:49  SCV  
  26  4:01  SCV  
  26  4:02  Starport  
  27  4:07  Barracks Tech Lab  
  27  4:13  SCV  
  28  4:26  Marine  
  28  4:29  Stimpack  
  28  4:31  Hellion x2  
  33  4:44  Marine  
  34  4:51  Starport Reactor  
  34  4:52  Hellion x2  
  38  5:01  Marine  
  38  5:04  SCV x2  
  41  5:16  SCV  
  42  5:23  Supply Depot  
  42  5:24  Supply Depot  
  42  5:29  Barracks  
  42  5:32  Engineering Bay  
  42  5:34  Engineering Bay  
  42  5:42  Refinery  
  42  5:44  Marine  
  42  5:45  SCV x2  
  45  5:52  Barracks  
  45  5:57  SCV x2  
  45  6:02  Marine  
  45  6:03  Widow Mine x2  
  52  6:04  Medivac  
  52  6:05  Medivac  
  52  6:09  SCV x2  
  58  6:23  Terran Infantry Weapons Level 1  
  58  6:46  Supply Depot  
  58  6:51  Supply Depot x2  
  58  6:54  Supply Depot  
  58  6:57  Refinery  
  58  7:01  Barracks Tech Lab  
  58  7:02  Barracks Reactor  
  58  7:07  Medivac x2  
  58  7:08  SCV x2, Widow Mine  
  66  7:09  Terran Infantry Armor Level 1  
  66  7:12  Barracks, Marine  
  66  7:13  Barracks  
  67  7:20  SCV x2  
  69  7:30  Marine  
  69  7:32  SCV x2  
  71  7:44  SCV x2  
  71  7:48  Marine  
  72  7:55  Marine x3, Command Center  
  72  7:56  SCV x2  
  72  7:57  Widow Mine  
  72  7:58  Widow Mine, Medivac  
  81  7:59  Medivac  
  81  8:01  Combat Shield  
  81  8:05  Barracks Reactor x2  
  85  8:06  Marine  
  85  8:08  SCV x2  
  85  8:12  Marine  
  88  8:13  Marine  
  88  8:18  Supply Depot  
  90  8:35  Supply Depot  
  90  8:36  Supply Depot  
  90  8:39  Supply Depot, Marine x4, Medivac  
  90  8:40  SCV x2  
  98  8:42  Missile Turret  
  98  8:45  Armory  
  98  8:57  Marine x8, Medivac, SCV, Widow Mine  
  98  8:58  SCV, Widow Mine  
  98  8:59  Supply Depot  
  114  9:15  Marine  
  97  9:28  Marine  
  96  9:34  Marine x7  
  96  9:35  Widow Mine x2  
  96  9:36  Medivac x2  
  111  9:46  Marine  
  111  9:51  Marine  
  111  9:52  Marine x4  
  117  9:57  Widow Mine x2  
  121  10:11  Marine  
  121  10:12  Marine x7  
  118  10:18  Widow Mine x2  
  113  10:29  Marine x5  
  113  10:30  Marine x3  
  114  10:47  Marine x5  
  114  10:48  Marine x2, Marauder  
  114  10:49  Widow Mine  
  125  10:50  Widow Mine, Medivac x2  
  125  10:57  Terran Infantry Weapons Level 2  
  122  11:05  Marine x5  
  122  11:06  Marine x2  
  122  11:09  Marine  
  122  11:11  Widow Mine x2  
  134  11:20  Medivac  
  134  11:23  Marine x2  
  138  11:42  Command Center  
  138  11:48  Command Center  
  134  12:41  Marine x8  
  142  12:52  Supply Depot  
  142  12:54  Medivac x2, Widow Mine x2, Supply Depot  
  142  12:56  Supply Depot  
  142  12:57  Supply Depot  
  150  12:59  Marine x3  
  150  13:00  Marauder, Supply Depot  
  150  13:01  Planetary Fortress  
  155  13:15  Refinery  
  155  13:16  Widow Mine x2  
  155  13:18  Refinery  
  159  13:24  Medivac x2  
  163  13:37  Widow Mine x2  
  167  13:54  Medivac x2  
  171  13:58  Widow Mine x2  
  175  14:14  SCV x5  
  180  14:24  Medivac x2  
  184  14:26  SCV x5  
  189  14:38  SCV x2  
Show
View Real Time Build Order
Export as new Build Order

A.I. 1 (Elite) Zerg 

Build Orders: 1 Base Baneling Bust, Pool First, Zergling Baneling 

Get SALT Encoding   

  8  0:00  Drone  
  9  0:10  Drone  
  10  0:16  Drone  
  11  0:21  Drone  
  12  0:34  Overlord  
  12  0:52  Drone x2  
  14  1:02  Spawning Pool  
  13  1:05  Drone  
  13  1:09  Extractor  
  13  1:12  Drone  
  13  1:16  Drone  
  15  1:49  Queen, Zergling x6  
  20  1:59  Overlord  
  20  2:17  Zergling x2  
  20  2:19  Zergling x2  
  20  2:21  Baneling Nest  
  21  2:28  Drone  
  22  2:38  Zergling x2  
  23  2:48  Zergling x2  
  24  2:55  Zergling x2  
  24  2:56  Zergling x2  
  26  3:05  Zergling x2, Baneling x3  
  27  3:06  Baneling x3  
  27  3:07  Baneling, Zergling x2  
  27  3:28  Baneling  
  27  3:41  Overlord  
  27  3:59  Zergling x4  
  27  4:00  Zergling x4  
  31  4:05  Hatchery  
  30  4:11  Drone  
  31  4:19  Drone  
  32  4:28  Overlord  
  32  4:45  Roach Warren  
  31  4:56  Lair  
  31  5:23  Drone  
  31  5:26  Roach  
  34  5:32  Roach  
  36  5:38  Roach  
  39  5:42  Drone  
  39  5:47  Drone  
  39  5:51  Drone  
  40  5:57  Hydralisk Den  
  40  5:58  Drone  
  40  6:02  Overlord  
  40  6:10  Roach  
  42  6:12  Drone  
  42  6:17  Drone  
  44  6:20  Drone  
  44  6:24  Drone  
  46  6:25  Hydralisk  
  46  6:29  Hydralisk  
  46  6:36  Hydralisk  
  46  6:41  Hydralisk  
  46  6:44  Drone  
  50  6:47  Drone  
  50  6:52  Overlord  
  50  6:54  Drone  
  50  6:57  Drone  
  50  6:59  Drone  
  53  7:03  Drone  
  53  7:05  Drone  
  55  7:10  Drone  
  55  7:12  Overseer, Drone  
  57  7:16  Overlord  
  57  7:18  Drone  
  57  7:20  Drone  
  59  7:23  Drone  
  59  7:25  Drone  
  60  7:32  Drone  
  60  7:34  Drone  
  61  7:41  Extractor, Hydralisk, Drone  
  61  7:42  Roach, Extractor  
  61  7:43  Overlord  
  64  7:44  Drone  
  65  7:53  Drone  
  65  7:54  Drone  
  67  8:01  Extractor  
  67  8:03  Drone  
  67  8:04  Drone  
  68  8:11  Evolution Chamber  
  68  8:12  Overlord  
  67  8:13  Drone, Roach, Hydralisk  
  67  8:14  Roach  
  67  8:19  Hatchery  
  73  8:24  Drone  
  73  8:26  Drone  
  75  8:33  Drone  
  75  8:34  Drone  
  77  8:39  Zerg Missile Weapons Level 1  
  77  8:43  Drone  
  77  8:44  Evolution Chamber, Overlord  
  77  8:45  Drone  
  77  8:47  Drone  
  79  8:49  Drone  
  79  8:53  Drone  
  81  8:55  Drone  
  81  8:58  Ravager  
  81  8:59  Ravager  
  81  9:02  Lurker Den  
  83  9:03  Drone  
  83  9:05  Overlord  
  84  9:10  Zerg Ground Armor Level 1  
  84  9:13  Drone  
  84  9:16  Drone, Zergling x2  
  84  9:17  Roach  
  85  9:23  Zergling x2  
  77  9:26  Roach  
  77  9:31  Pneumatized Carapace, Roach  
  67  9:33  Roach  
  67  9:36  Drone  
  64  9:41  Zergling x2  
  64  9:43  Baneling, Zergling x2  
  66  9:46  Drone  
  66  9:48  Drone  
  66  9:49  Roach, Drone  
  66  9:51  Drone  
  66  9:53  Drone  
  66  9:57  Drone  
  54  10:00  Overseer  
  54  10:01  Drone  
  54  10:02  Ravager, Baneling  
  54  10:03  Zergling x2, Baneling  
  54  10:06  Baneling  
  57  10:07  Zergling x2  
  57  10:11  Roach  
  57  10:12  Drone  
  60  10:17  Drone  
  60  10:19  Hydralisk  
  60  10:20  Drone, Roach  
  57  10:25  Hydralisk  
  57  10:26  Baneling, Zergling x2  
  52  10:34  Queen  
  48  10:37  Zergling x2  
  45  10:43  Hydralisk  
  45  10:49  Roach  
  45  10:54  Hydralisk  
  47  10:58  Drone  
  47  11:01  Ravager  
  47  11:04  Roach  
  51  11:06  Drone  
  51  11:09  Drone  
  54  11:11  Drone  
  54  11:14  Drone  
  54  11:16  Drone  
  56  11:20  Drone  
  56  11:23  Drone  
  57  11:26  Drone  
  57  11:29  Drone  
  57  11:31  Drone  
  60  11:34  Drone  
  60  11:37  Drone  
  62  11:40  Drone  
  62  11:42  Drone  
  62  11:45  Drone  
  53  11:54  Queen  
  53  11:58  Zergling x2  
  42  12:01  Zergling x2  
  40  12:25  Roach  
  40  12:29  Roach  
  41  12:33  Roach  
  35  12:39  Zergling x2  
  13  13:06  Hatchery  
Tags
 
Add a new tag
Caveats
  • Supply blocks, unpowered buildings, or Contaminate may cause inaccurate times.
  • Supply counts are checked every 10 seconds.